AoeStats
← gursel.yeni

Arabia

507536136Analyzed
1v1 RM · 14d ago on Sep 18, 2026· 37m 0s· 2 players
Game mode
Random Map
Map size
Tiny (2 player)
Population
200
Speed
Normal
Resources
Standard
Victory
Conquest
Starting age
Dark Age
Ending age
Imperial Age
RankedLock teamsTeams togetherTeam positionsShared explorationLock speedFull tech treeHidden civsTurbo modeCheats
Victory
Defeat
🇨🇱 Burmese · Chile
875
+18
🇹🇷 Byzantines · Türkiye
911
-18
jotarenas
3:23 Loom
10:39 Feudal Age
15:02 Stone Mining
21:01 Castle Age
19:09 Gold Mining
20:57 Forging
20:55 Scale Mail Armor
20:18 Man-at-Arms
23:59 Gold Shaft Mining
24:57 Gambesons
25:18 Squires
26:39 Pikeman
28:37 Long Swordsman
29:49 Scale Barding Armor
32:53 Treadmill Crane
33:52 Fervor
34:04 Sanctity
33:53 Devotion
33:56 Atonement
34:14 Redemption
37:12 Imperial Age
gursel.yeni
7:21 Loom
9:59 Feudal Age
12:15 Horse Collar
17:32 Double-Bit Axe
21:22 Castle Age
20:48 Gold Mining
24:03 Gold Shaft Mining
23:48 Scale Barding Armor
24:15 Bow Saw
24:22 Husbandry
24:45 Stone Mining
25:47 Heavy Plow
29:38 Wheelbarrow
30:59 Forging
33:40 Hand Cart
37:14 Imperial Age
35:27 Chain Barding Armor
36:11 Stone Shaft Mining
36:46 Crossbowman
Connection lost

Rejoining the realm…

Still unreachable

The connection could not be restored.

Session expired

The server has moved on; the page needs a fresh start.